 Dungeon Crawl Stone Soup version 0.23.0-42-geed6394480 (webtiles) character file.

Game seed: 10192068015158514494

217 Gargoyl the Skirmisher (level 5, 0/45 HPs)
             Began as a Centaur Abyssal Knight on Mar 1, 2019.
             Was a Believer of Lugonu.
             Succumbed to a gnoll sergeant's poison
             ... on level 4 of the Dungeon.
             The game lasted 00:05:48 (4125 turns).

Gargoyl the Skirmisher (Centaur Abyssal Knight)     Turns: 4125, Time: 00:05:49

Health: 0/45       AC: 12    Str: 19    XL:     5   Next: 62%
Magic:  7/7        EV:  9    Int: 16    God:    Lugonu [**....]
Gold:   206        SH:  0    Dex: 15    Spells: 4/4 levels left

rFire    . . .     SeeInvis .   a - +2 hand axe
rCold    . . .     Gourm    .   (no shield)
rNeg     . . .     Faith    .   d - +0 plate armour
rPois    .         Spirit   .   e - +0 helmet
rElec    .         Reflect  .   (no cloak)
rCorr    .         Harm     .   i - +1 pair of gloves
MR       .....                  (no barding)
Stlth    ..........             (no amulet)
HPRegen  0.15/turn              (no ring)
MPRegen  0.10/turn              (no ring)

@: mighty, brilliant, agile, lethally poisoned (0 -> -15), very quick
A: large, hooves 3, deformed body, speed 2, tough skin 3
a: Depart the Abyss, Bend Space, Renounce Religion


You were on level 4 of the Dungeon.
You worshipped Lugonu.
Lugonu was pleased with you.
You were hungry.

You visited 1 branch of the dungeon, and saw 4 of its levels.
You visited the Abyss 1 time.

You collected 206 gold pieces.

Inventory:

Hand Weapons
 a - a +2 hand axe (weapon)
Missiles
 j - 4 tomahawks (quivered)
Armour
 d - a +0 plate armour (worn)
 e - a +0 helmet (worn)
 i - a +1 pair of gloves (worn)
Jewellery
 l - an uncursed ring of magical power
Scrolls
 f - 2 scrolls of teleportation
 k - a scroll of magic mapping {unknown}
 n - a scroll of identify
 o - a scroll of amnesia
 p - 2 scrolls of remove curse
Potions
 h - a potion of heal wounds {unknown}
 q - a potion of haste {unknown}
Comestibles
 c - 6 rations


   Skills:
 + Level 3.6 Fighting
 + Level 3.0 Axes
 * Level 2.7 Armour
 * Level 1.7 Dodging
 * Level 2.9 Invocations


You had 4 spell levels left.
You didn't know any spells.
Your spell library was empty.

Dungeon Overview and Level Annotations

Branches:
Dungeon (4/15)
 Temple: D:4-7

Altars:
Qazlal
The Shining One

Annotations:
D:4 1 transporter, Tutankhamun's ghost, amateur HuBe


Innate Abilities, Weirdness & Mutations

You have hooves in place of feet.
Armour fits poorly on your strangely shaped body.
You cover ground very quickly.
You have extremely tough skin. (AC +3)


Message History

You feel sick.
* * * LOW HITPOINT WARNING * * *
You feel sick.
It was a potion of brilliance.
You feel clever all of a sudden.
* * * LOW HITPOINT WARNING * * *
You feel sick.
It was a potion of might.
You feel very mighty all of a sudden.
* * * LOW HITPOINT WARNING * * *
You feel sick.
* * * LOW HITPOINT WARNING * * *
You feel sick.
* * * LOW HITPOINT WARNING * * *
You feel sick.
* * * LOW HITPOINT WARNING * * *
You feel sick.
It was a potion of agility.
You feel agile all of a sudden.
You die...

≈≈≈≈≈≈≈≈...≈≈≈≈≈≈≈≈≈≈≈..# ####
≈≈≈≈≈≈≈≈...≈≈≈≈≈≈≈≈≈≈≈..# ##..>
####...........#####≈≈..#####...#
...#.###.©.###.#...#≈≈...........
...###.#####©###...#≈≈.######...#
##...............###≈≈[## ##.##
8#.##'###'######.#8.≈≈..# #.#
##.#P.P#P)8#...#.##.≈≈..## #.#
#g.'.....©⌠#:..'@.#.≈≈.#.#####.#
##.#P.P#P.8#..W#.##.≈≈.##....#.##
8#.##'###'######.#8.≈≈.#.###.#...
##.g...(..g....g.###≈≈..## #.####
g..###.#####.###...#≈≈..# #.....
...#.###.©.###.#...#≈≈.## ######
####..........[#####≈≈.#
≈≈≈≈≈≈≈≈≈≈≈≈≈≈≈≈≈≈≈≈≈≈.#
≈≈≈≈≈≈≈≈≈≈≈≈≈≈≈≈≈≈≈≈≈≈.#


You could see a gnoll sergeant, Tutankhamun's ghost and a gnoll.

Vanquished Creatures
  A hound (D:4)
  Jessica (D:2)
  6 adders
  A gnoll (D:4)
  An ooze (D:4)
  2 worms
  3 dart slugs
  2 leopard geckos
  7 orcs
  11 goblins
  11 hobgoblins
  A ball python (D:3)
  4 bats
  9 frilled lizards
  6 kobolds
  A leopard gecko skeleton (D:4)
  7 rats
74 creatures vanquished.

Notes
Turn   | Place    | Note
-------+----------+-------------------------------------------
     0 | Abyss:1  | Gargoyl the Centaur Abyssal Knight began the quest for the
                  | Orb.
     0 | Abyss:1  | Reached XP level 1. HP: 19/19 MP: 2/2
   106 | Abyss:1  | Noticed a worldbinder
   123 | Abyss:1  | Noticed a tentacled starspawn
   127 | Abyss:1  | Noticed an orb spider
   127 | Abyss:1  | Noticed a tarantella
   135 | D:1      | Escaped the Abyss
   338 | D:1      | Reached * piety under Lugonu
   371 | D:1      | Reached XP level 2. HP: 23/26 MP: 3/3
   423 | D:1      | Reached skill level 1 in Dodging
   823 | D:1      | Reached XP level 3. HP: 31/31 MP: 4/4
  1365 | D:2      | Reached ** piety under Lugonu
  1616 | D:2      | Reached XP level 4. HP: 33/38 MP: 5/5
  1795 | D:2      | Found a stormy altar of Qazlal.
  1795 | D:2      | Noticed Jessica
  1809 | D:2      | Killed Jessica
  2469 | D:3      | Reached XP level 5. HP: 45/45 MP: 7/7
  3798 | D:4      | Found a glowing golden altar of the Shining One.
  3915 | D:4      | Noticed Tutankhamun's ghost (amateur HuBe)
  4057 | D:4      | Found a transporter.
  4063 | D:4      | Found a transporter.
  4123 | D:4      | HP: 2/45 [poisoned by a gnoll sergeant]
  4125 | D:4      | Succumbed to a gnoll sergeant's poison

Skill      XL: |  1  2  3  4  5 |
---------------+----------------+-----
Dodging        | 1 |  1.7
Axes           | 2 3 |  3.0
Armour         | 2 |  2.7
Fighting       | |  3.6
Invocations    | |  2.9

Action                   |  1- 3 |  4- 6 || total
-------------------------+-------+-------++-------
Melee: Hand axe          |   128 |   111 ||   239
       Kick              |    19 |    17 ||    36
Invok: Depart the Abyss  |     1 |       ||     1
  Use: Scroll            |     5 |     5 ||    10
       Potion            |       |     3 ||     3
  Eat: Chunk             |     1 |     6 ||     7
Armor: Plate armour      |   143 |    98 ||   241
Dodge: Dodged            |    20 |    13 ||    33
